 Seeded DCSS version 0.28-a0-773-g130ae17fe5 (webtiles) character file.

Game seed: 8187633931974095378 (custom seed)

4 flotson the Sneak (level 1, 0/18 HPs)
             Began as a Demonspawn Delver on Nov 1, 2021.
             Succumbed to an adder's poison
             ... on level 2 of the Dungeon.
             The game lasted 00:01:09 (210 turns).

flotson the Sneak (Demonspawn Delver)                Turns: 210, Time: 00:01:10

Health: 0/18       AC:  6    Str: 12    XL:     1   Next: 50%
Magic:  1/1        EV:  4    Int: 11    God:
Gold:   14         SH: 10    Dex: 14    Spells: 0/0 levels left

rFire   . . .      SeeInvis .   a - +0 hand axe
rCold   . . .      Faith    .   e - +0 tower shield
rNeg    . . .      Spirit   .   d - +0 scale mail
rPois   .          Reflect  .   (no helmet)
rElec   .          Harm     .   (no cloak)
rCorr   .          Rampage  .   (no gloves)
Will    .....                   (no boots)
Stlth   +.........              (no amulet)
HPRegen 0.06/turn               (no ring)
MPRegen 0.07/turn               (no ring)

@: lethally poisoned (0 -> -8), hasted, very quick
A: no striking features
a: no special abilities


You were on level 2 of the Dungeon.
You visited 1 branch of the dungeon, and saw 4 of its levels.

You collected 14 gold pieces.

Inventory:

Hand Weapons
 a - a +0 hand axe (weapon)
Armour
 d - a +0 scale mail (worn)
 e - a +0 tower shield (worn)
Wands
 g - a wand of digging (3)
Scrolls
 c - a scroll of fog
Potions
 h - a potion of attraction {unknown}


   Skills:
 + Level 3.1 Fighting
 - Level 1.7 Axes
 + Level 0.2 Armour
 + Level 1.8 Dodging
 - Level 4.5 Stealth
 + Level 0.1 Shields


You couldn't memorise any spells.
You didn't know any spells.
Your spell library was empty.

Dungeon Overview and Level Annotations

Branches:
Dungeon (5/15)
 Temple: D:4-7

Altars:

Annotations:
D:4 Natasha


Message History

The worm is severely wounded.
You closely miss the frilled lizard.
The frilled lizard bites you but does no damage.
You block the worm's attack. You block the frilled lizard's attack.
The worm bites you but does no damage.
Your scale mail prevents you from hitting the worm.
The worm is heavily wounded.
You barely miss the frilled lizard. You block the frilled lizard's attack.
The worm completely misses you.
You hit the worm but do no damage.
The worm is heavily wounded.
You hit the frilled lizard but do no damage.
The frilled lizard bites you but does no damage. x2
The worm bites you but does no damage.
You hit the worm.
The worm is severely wounded.
You miss the frilled lizard. The frilled lizard bites you. x2
The worm bites you.
* * * LOW HITPOINT WARNING * * *
You are too injured to fight recklessly!
You are too injured to fight recklessly!
You are too injured to fight recklessly!
You are too injured to fight recklessly!
You are too injured to fight recklessly!
The frilled lizard bites you but does no damage.
You closely miss the frilled lizard.
The frilled lizard bites you but does no damage.
The frilled lizard bites you.
* * * LOW HITPOINT WARNING * * *
You hit the frilled lizard.
You kill the frilled lizard!
An adder comes into view.
Unknown command.
You feel yourself speed up. The adder bites you but does no damage.
You hit the adder but do no damage. The adder bites you.
* * * LOW HITPOINT WARNING * * *
You are lethally poisoned!
The adder poisons you! The adder bites you but does no damage.
You hit the adder but do no damage.
You die...

. #..
#....#######
.......@S..#
##.##.###..####
#.###.....#
#......####
#..##....#
###..##w######
.S........w.>#
###..........#
......###.##.#


You could see an adder.

Vanquished Creatures
  A goblin (D:3)
  A quokka (D:3)
  A frilled lizard (D:2)
  A rat (D:3)
4 creatures vanquished.

Notes
Turn   | Place    | Note
-------+----------+-------------------------------------------
     0 | D:5      | flotson the Demonspawn Delver began the quest for the Orb.
     0 | D:5      | Reached XP level 1. HP: 18/18 MP: 1/1
    10 | D:5      | Noticed a bullfrog
    39 | D:4      | Noticed Natasha
    85 | D:4      | Noticed a crimson imp
   210 | D:2      | Succumbed to an adder's poison

Illustrated notes

Levels and vault maps discovered:
D:2:      layout_basic
D:3:      cheibrodos_thug_alley, layout_loops_ring, yredelemnul_altar_generic,
          minmay_pentangle
D:4:      layout_loops_ring, lightli_sewer_entry_pipes,
          chequers_serial_rivers_marsh, minmay_cut_off, uniq_blork_the_orc,
          uniq_edmund, uniq_natasha
D:5:      layout_basic, nicolae_uskayaw_suspiria, mainiacjoe_overflow_alcove_4,
          minmay_temple_entry_trees, hangedman_glass_teeth, uniq_pikel

Action                   || total
-------------------------++-------
Melee: Hand axe          ||    22
  Use: Scroll            ||     2
       Potion            ||     1
Armor: Scale mail        ||    14
       Leather armour    ||     3
Dodge: Dodged            ||     6
Block: Tower shield      ||    11

Table legend: (Time is in decaauts)
 A = Elapsed time spent in this place.
 B = Non-inter-level travel time spent in this place.
 C = Inter-level travel time spent in this place.
 D = Time resting spent in this place.
 E = Time spent auto-exploring this place.
 F = Levels seen in this place.
 G = Mean time per level.
                   A        B        C        D        E       F      G
               +--------+--------+--------+--------+--------+-----+--------+
         Total |    223 |    217 |      6 |      0 |     71 |   4 |   55.8 |
       Dungeon |    223 |    217 |      6 |      0 |     71 |   4 |   55.8 |
               +--------+--------+--------+--------+--------+-----+--------+

Top non-repeatable levels by time:
     D:3: 90 daAuts
     D:4: 51 daAuts
     D:2: 42 daAuts
     D:5: 39 daAuts
